 Dungeon Crawl Stone Soup version 0.27.1-4-g1640c2035a (webtiles) character file.

Game seed: 15714324001922323288

10 Gabide the Charlatan (level 2, -1/21 HPs)
             Began as a Human Artificer on Nov 4, 2021.
             Slain by a gnoll (4 damage)
             ... on level 1 of the Dungeon.
             The game lasted 00:00:38 (353 turns).

Gabide the Charlatan (Human Artificer)               Turns: 353, Time: 00:00:39

Health: -1/21      AC:  3    Str: 12    XL:     2   Next: 30%
Magic:  2/2        EV: 11    Int: 11    God:
Gold:   2          SH:  0    Dex: 13    Spells: 1/1 levels left

rFire    . . .     SeeInvis .   a - +0 club
rCold    . . .     Faith    .   (no shield)
rNeg     . . .     Spirit   .   b - +0 leather armour
rPois    .         Reflect  .   (no helmet)
rElec    .         Harm     .   (no cloak)
rCorr    .         Rampage  .   (no gloves)
Will     .....                  (no boots)
Stlth    +.........             (no amulet)
HPRegen  0.07/turn              (no ring)
MPRegen  0.08/turn              (no ring)

@: no status effects
A: no striking features
a: no special abilities


You were on level 1 of the Dungeon.
You visited 1 branch of the dungeon, and saw 1 of its levels.

You collected 2 gold pieces.

Inventory:

Hand Weapons
 a - a +0 club (weapon)
Armour
 b - a +0 leather armour (worn)
Wands
 c - a wand of flame (14) (quivered)
 d - a wand of charming (15)
Miscellaneous
 e - a piece from Xom's chessboard (15/15)


   Skills:
 + Level 1.0 Fighting
 + Level 2.1 Armour
 * Level 1.2 Dodging
 - Level 1.0 Stealth
 * Level 0.7 Unarmed Combat
 + Level 3.2 Evocations


You had one spell level left.
You didn't know any spells.
Your spell library was empty.

Dungeon Overview and Level Annotations

Branches:
Dungeon (1/15)

Altars:


Message History

No target in view!
No target in view!
No target in view!
No target in view!
No target in view!
No target in view!
A gnoll comes into view. It is wielding a +0 whip.
The gnoll shouts!
A gnoll is nearby!
You hit the gnoll.
The gnoll is lightly wounded.
The gnoll barely misses you.
You barely miss the gnoll.
The gnoll is lightly wounded.
The gnoll hits you with a +0 whip.
You closely miss the gnoll.
The gnoll is lightly wounded.
The gnoll hits you with a +0 whip.
You barely miss the gnoll.
The gnoll is lightly wounded.
The gnoll barely misses you. The gnoll hits you with a +0 whip.
* * * LOW HITPOINT WARNING * * *
You are too injured to fight recklessly!
You are too injured to fight recklessly!
You are too injured to fight recklessly!
You are too injured to fight recklessly!
You are too injured to fight recklessly!
Drop what? 6/52 slots (_ for help) (? for menu, Esc to quit)
Drop what? 6/52 slots (_ for help) (? for menu, Esc to quit)
You drop a scroll labelled CIFREC WERUWN.
The gnoll hits you with a +0 whip.
* * * LOW HITPOINT WARNING * * *
Unknown command.
Aiming: Throw Flame
Press: ? - help, Q - select action, (/) - cycle Shift-Dir - straight line, f - gnoll
Aim: a gnoll, wielding a +0 whip (lightly wounded, 75% to hit)
The puff of flame hits the gnoll.
The gnoll is heavily wounded.
The gnoll hits you with a +0 whip.
You die...

####.###.......#
#......#.......#
.###.#.#.......#
.##....#†......#
.#.......†.....#
.##...>##.#.####
.......#......†###
###.##...........#
#.##.#..#..#.#@# #
#.##.#..#..#.#g#
###.......#.##.#.#
≈≈######.......#..
### ####.###### #.
.# ##.## ### #...#


You could see a gnoll.

Vanquished Creatures
  A dart slug (D:1)
  A bat (D:1)
  A giant cockroach (D:1)
  A hobgoblin (D:1)
  A quokka (D:1)
  A ball python (D:1)
  A frilled lizard (D:1)
  A rat (D:1)
8 creatures vanquished.

Notes
Turn   | Place    | Note
-------+----------+-------------------------------------------
     0 | D:1      | Gabide the Human Artificer began the quest for the Orb.
     0 | D:1      | Reached XP level 1. HP: 15/15 MP: 1/1
   210 | D:1      | Reached XP level 2. HP: 21/21 MP: 2/2
   353 | D:1      | Slain by a gnoll

Illustrated notes

Levels and vault maps discovered:
D:1:      heliophobic_arrival_glass_houses, layout_loops_cross, serial_rivers,
          chequers_serial_rivers_room_b, chequers_serial_rivers_room_b,
          chequers_serial_rivers_large_a, chequers_serial_rivers_room_b,
          chequers_serial_rivers_micro_c, chequers_serial_rivers_micro_c,
          serial_bayou_pond_b, minivault_26, chequers_serial_rivers_small_3

Action                   || total
-------------------------++-------
Melee: Club              ||    40
Evoke: Wand              ||     1
 Stab: Sleeping          ||     2
Armor: Leather armour    ||    23
Dodge: Dodged            ||    23
